 Dungeon Crawl Stone Soup version 0.30-a0-322-g102857c98e (webtiles) character file.

Game seed: 17843453456430300633

667 koil the Sneak (level 7, 0/36 HPs)
             Began as a Spriggan Hunter on Oct 27, 2022.
             Slain by Pikel
             ... wielding a +1 whip of flaming
              (2 damage)
             ... on level 5 of the Dungeon.
             The game lasted 00:09:07 (3262 turns).

koil the Sneak (Spriggan Hunter)                    Turns: 3262, Time: 00:09:07

Health: 0/36       AC:  3    Str:  5    XL:     7   Next: 31%
Magic:  13/13      EV: 20    Int: 16    God:
Gold:   270        SH:  0    Dex: 21    Spells: 8/13 levels left

rFire   . . .      SeeInvis +    a - +0 shortbow
rCold   . . .      Faith    .    (shield currently unavailable)
rNeg    . . .      Spirit   .    c - +0 robe
rPois   +          Reflect  .    (helmet restricted)
rElec   .          Harm     .    h - +0 cloak
rCorr   .          Rampage  .    (gloves unavailable)
Will    ++...                    (boots unavailable)
Stlth   +++.......               v - amulet of the acrobat
HPRegen 0.26/turn                k - ring of willpower
MPRegen 0.13/turn                t - +6 ring of intelligence

@: unable to drink, very quick
A: very small, no large weapons, unfitting armour, see invisible, speed 3,
poison resistance, weak 1, inability to drink after injury 1
a: no special abilities


You were on level 5 of the Dungeon.
You visited 1 branch of the dungeon, and saw 5 of its levels.

You collected 270 gold pieces.

Inventory:

Hand Weapons
 a - a +0 shortbow (weapon)
 b - a +2 dagger of venom
 s - a +2 long sword of venom
Armour
 c - a +0 robe (worn)
 h - a +0 cloak (worn)
 i - a +0 cloak
Jewellery
 k - a ring of willpower (left hand)
 t - a +6 ring of intelligence (right hand)
 v - an amulet of the acrobat (around neck)
Scrolls
 f - 4 scrolls of teleportation {unknown}
 g - 2 scrolls of magic mapping {unknown}
 l - 3 scrolls of vulnerability {unknown}
 m - a scroll of fog {unknown}
 n - 3 scrolls of immolation
 o - a scroll of fear {unknown}
 r - a scroll of blinking {unknown}
 w - a scroll of silence {unknown}
 x - a scroll of brand weapon {unknown}
 y - a scroll of summoning {unknown}
Potions
 d - a potion of cancellation
 e - 2 potions of mutation
 j - 3 potions of lignification {unknown}
 p - 2 potions of heal wounds {unknown}
 q - 2 potions of curing {unknown}
 u - a potion of flight {unknown}


   Skills:
 + Level 3.1 Fighting
 + Level 5.3 Ranged Weapons
 + Level 5.1 Dodging
 + Level 5.3 Stealth
 + Level 3.7 Spellcasting
 + Level 1.7 Fire Magic


You had 8 spell levels left.
You knew the following spells:

 Your Spells              Type           Power      Damage    Failure   Level
a - Fireball              Conj/Fire      2%         3d4       98%         5

Your spell library contained the following spells:

 Spells                   Type           Power      Damage    Failure   Level
 Foxfire                  Conj/Fire      20%        2x1d5     12%         1
 Starburst                Conj/Fire      2%         6d3       100%        6


Dungeon Overview and Level Annotations

Branches:
Dungeon (5/15)
 Temple: D:4-7

Altars:
Nemelex Xobeh

Shops:
D:3 [?=

Annotations:
D:5 Pikel


Innate Abilities, Weirdness & Mutations

You are very small and have problems with some larger weapons.
You are too small for most types of armour.
You have supernaturally acute eyesight. (SInv)
You cover ground extremely quickly. (Speed+++)
Your system is resistant to poisons. (rPois)
You are weak. (Str -2)
You occasionally lose the ability to drink potions when taking damage.


Message History

The adder is moderately wounded.
You feel sick. The adder misses you. The adder completely misses you.
The lemure completely misses you.
You shoot an arrow.
The arrow hits the adder but does no damage.
The adder is moderately wounded.
You feel sick.
You are no longer poisoned.
The adder completely misses you. The lemure closely misses you.
You shoot an arrow. The arrow barely misses the adder.
The arrow completely misses Pikel.
The adder closely misses you. The lemure hits you but does no damage.
The adder bites you.
You shoot an arrow. The arrow hits the adder!
You kill the adder!
The lemure barely misses you.
You shoot an arrow. The arrow hits Pikel.
Pikel is severely wounded.
Pikel hits you with a +1 whip of flaming.
Pikel burns you. The lemure hits you but does no damage.
Pikel barely misses you. The lemure completely misses you.
You shoot an arrow. The arrow hits Pikel.
Pikel is almost dead.
Pikel hits you with a +1 whip of flaming.
* * * LOW HITPOINT WARNING * * *
Pikel burns you.
* * * LOW HITPOINT WARNING * * *
The lemure misses you.
Okay, then.
It was a potion of cancellation.
You feel magically purged. Pikel closely misses you.
The lemure closely misses you.
It was a potion of mutation.
You feel extremely strange.
You feel weaker.
You occasionally lose the ability to drink potions when taking damage.
You feel resistant to poisons.
Pikel says, "You'll make a fine lemure."
Pikel hits you with a +1 whip of flaming.
You feel threatened and lose the ability to drink potions!
* * * LOW HITPOINT WARNING * * *
Pikel burns you.
You die...

...######.#.# ######
..555..5..#.####....#
....####.......#.##.#
. #55..##.#.##.#
###..K....#.##.#
#.....5####.##.#
#.#.......†.##.#
#.###5.......#.#
#.5@K5.......#.#
#####........#.#
#........#.#
#........###
##########


You could see Pikel and 3 lemures.

Vanquished Creatures
  An ogre (D:4)
  2 necrophages
  3 jellies
  2 orc priests
  2 hounds
  2 iguanas (D:4)
  2 gnolls (D:5)
  7 adders
  2 worms
  6 dart slugs
  10 orcs
  7 endoplasms
  5 giant cockroaches
  6 goblins
  4 hobgoblins
  6 jackals
  9 kobolds
  7 quokkas
  5 ball pythons
  6 bats
  5 frilled lizards
  10 rats
109 creatures vanquished.

Vanquished Creatures (others)
  2 fungi (D:1)
  7 plants
9 creatures vanquished.

Grand Total: 118 creatures vanquished

Notes
Turn   | Place    | Note
-------+----------+-------------------------------------------
     0 | D:1      | koil the Spriggan Hunter began the quest for the Orb.
     0 | D:1      | Reached XP level 1. HP: 10/10 MP: 2/2
    87 | D:1      | Reached XP level 2. HP: 3/15 MP: 2/4
   155 | D:1      | Reached skill level 1 in Spellcasting
   295 | D:1      | Found a faded altar of an unknown god.
   311 | D:1      | Reached XP level 3. HP: 18/18 MP: 5/5
   797 | D:2      | Reached XP level 4. HP: 23/23 MP: 7/7
  1540 | D:3      | Reached XP level 5. HP: 26/26 MP: 9/9
  1551 | D:3      | Found Jomag's Jewellery Shoppe.
  1612 | D:3      | Learned a level 5 spell: Fireball
  1643 | D:3      | Found Otuirph's Antique Armour Shoppe.
  1945 | D:3      | Found Qafuxue's Magic Scroll Shoppe.
  2273 | D:4      | Reached skill level 1 in Fire Magic
  2273 | D:4      | Reached XP level 6. HP: 25/32 MP: 11/11
  2478 | D:4      | Reached skill level 5 in Ranged Weapons
  2669 | D:4      | Found a sparkling altar of Nemelex Xobeh.
  2886 | D:4      | Reached skill level 5 in Stealth
  2886 | D:4      | Reached XP level 7. HP: 36/36 MP: 13/13
  3096 | D:5      | Entered Level 5 of the Dungeon
  3099 | D:5      | Reached skill level 5 in Dodging
  3224 | D:5      | Noticed Pikel
  3262 | D:5      | Gained mutation: You are weak. (Str -2) [potion of
                  | mutation]
  3262 | D:5      | Gained mutation: You occasionally lose the ability to drink
                  | potions when taking damage. [potion of mutation]
  3262 | D:5      | Gained mutation: Your system is resistant to poisons.
                  | (rPois) [potion of mutation]
  3262 | D:5      | Slain by Pikel

Illustrated notes

Levels and vault maps discovered:
D:1:      elethiomel_arrival_infinity_welcomes_careful_drivers, layout_rooms,
          shapermc_ecumenical_altar_mp_ritualfount, minmay_heptomino_o4
D:2:      layout_basic, minmay_indecisive_spiral
D:3:      layout_loops_ring, serial_shops, shop, shop,
          nicolae_shop_advertising_works [nicolae_subvault_shop_adworks]
D:4:      nicolae_cairo_tiling_large_dashed, layout_basic, nemelex_altar_shiori
D:5:      layout_basic, mainiacjoe_overflow_alcove_4, serial_shops,
          nicolae_diamond_shop, uniq_pikel

Skill      XL: |  1  2  3  4  5  6  7 |
---------------+----------------------+-----
Stealth        | 2 3 4 5 |  5.3
Dodging        | 3 4 5 |  5.1
Spellcasting   | 1 2 3 |  3.7
Fighting       | 2 3 |  3.1
Fire Magic     | 1 |  1.7
Ranged Weapons | 5 |  5.3

Action                   |  1- 3 |  4- 6 |  7- 9 || total
-------------------------+-------+-------+-------++-------
 Fire: Shortbow          |    96 |   195 |    50 ||   341
  Use: Potion            |       |       |     2 ||     2
Armor: Robe              |     3 |     8 |     3 ||    14
Dodge: Dodged            |    31 |    80 |    36 ||   147

Table legend: (Time is in decaauts)
 A = Elapsed time spent in this place.
 B = Non-inter-level travel time spent in this place.
 C = Inter-level travel time spent in this place.
 D = Time resting spent in this place.
 E = Time spent auto-exploring this place.
 F = Levels seen in this place.
 G = Mean time per level.
                   A        B        C        D        E       F      G
               +--------+--------+--------+--------+--------+-----+--------+
         Total |   2332 |   2269 |     63 |      0 |   1654 |   5 |  466.4 |
       Dungeon |   2332 |   2269 |     63 |      0 |   1654 |   5 |  466.4 |
               +--------+--------+--------+--------+--------+-----+--------+

Top non-repeatable levels by time:
     D:4: 633 daAuts
     D:3: 522 daAuts
     D:1: 518 daAuts
     D:2: 515 daAuts
     D:5: 141 daAuts
